Orko, chaotic female orcish Rogue ----- |...| --------------- |=..| |.............. ---------- |...| +.............| |........| #.<..| |.............| |........| ###--|-- --------|------ |........| # ####### ## |........+ ### # # |>.......|# # ### ### |........-#### # # ----------### ############## -f----------- |...........| |...........| |...........| | |....i....... ............| |.....o.....| +............ ------------- Orko the Footpad Experience level: 1 Strength: 25 Dexterity: 18 Constitution: 12 Intelligence: 11 Wisdom: 9 Charisma: 10 Health: 0(11) Energy: 2(2) Def: 3 Gold: 19 Moves: 562 Dungeon seed: TK9-pUsY7s7Y24_J Game ID: Orko_1571302757 Your Inventory: Boulders/Statues n - an uncursed statue of a newt Armor e - a cursed -1 pair of gauntlets of power (being worn) u - an uncursed +1 leather armor (being worn) Weapons a - an uncursed +0 dagger b - 12 uncursed +0 orcish daggers (in quiver) c - an uncursed +0 orcish short sword (weapon in hand) Scrolls v - a blessed scroll of teleportation Comestibles M - an uncursed food ration Tools j - an uncursed lock pick o - an uncursed sack named X r - an uncursed skeleton key Gems q - an uncursed worthless piece of yellow glass named <. 4# Coins $ - 19 gold pieces Contents of the sack named X: an uncursed potion of extra healing an uncursed potion of sickness an uncursed magic whistle Spells and supernatural/magical abilities: Name Level Category Fail Memory W - pray for help -- divine ? -- Your skills at the end: Fighting Skills Weapon Skills dagger [Basic] short sword [Basic] Spellcasting Skills Final Attributes: You were piously aligned. You were poison resistant. You were hallucinating. You had infravision. You were stealthy. You are dead. Vanquished creatures: a hobbit a giant rat a red mold a jackal a fox a sewer rat and a partridge in a pear tree 6 creatures vanquished. Voluntary challenges: You were an atheist. You used a wielded weapon 3 times, starting on turn 57. You were illiterate. You never genocided any monsters. You never polymorphed an object. You never changed form. You used no wishes. You never split a pudding. You never wrote Elbereth's name. You never violated your personal moral code. You abstained from Elbereth's help. You werepermanently hallucinating. Dungeon overview: The Dungeons of Doom: levels 1 to 6 Level 1 a long staircase Level 2 a general store Level 3 Level 4 an altar to Kos, a sink Level 5 <- You were here Level 6 History has recorded: On T:1 you entered the Dungeons of Doom to retrieve the Amulet of Yendor! On T:101 you reached level 2 of The Dungeons of Doom. On T:278 you reached level 3 of The Dungeons of Doom. On T:307 you reached level 4 of The Dungeons of Doom. On T:414 you reached level 5 of The Dungeons of Doom. On T:453 you reached level 6 of The Dungeons of Doom. Score breakdown: Gold: 19 ( 4425 points) Experience: 1 level ( 0 points) Exploration: 6 levels ( 12.00%) ( 9583 points) Discoveries: 3 items ( 1.05%) ( 3067 points) Valuables value: (no points given unless you survive) Artifact value: 0 ( 0 points) Variety of kills: 6 monsters ( 1.57%) ( 3764 points) Turncount: 562 turns ( 0 points) Survival: died (score multiplied by 80%) Total score: 16671 Latest messages: v - a scroll labeled VERR YED HORRE. v - a scroll labeled VERR YED HORRE. v - a scroll labeled VERR YED HORRE. b - 12 uncursed +0 orcish daggers (in quiver). You throw 2 orcish daggers. The 1st orcish dagger hits it. You kill the elf zombie! You see here an uncursed +0 orcish dagger. b - an uncursed +0 orcish dagger (in quiver). You see here an uncursed +0 orcish dagger. b - an uncursed +0 orcish dagger (in quiver). The pyrolisk bites! The white dragon bites! The food ration misses it. The ice devil bites! The killer bee bites! You die... The statue of a newt is empty. The statue of a newt is empty. Final status: Goodbye Orko the Rogue, killed by a hallucinogen-distorted bat... You died in The Dungeons of Doom on dungeon level 5 with 16671 points, and 19 pieces of gold, after 562 moves. You were level 1 with a maximum of 11 hit points when you died.